 Dungeon Crawl Stone Soup version 0.19.1-1-g22dce08 (webtiles) character file.

20973 karate69 the Spear-Bearer (level 12, -19/112 HPs)
             Began as a Minotaur Fighter on Jan 12, 2017.
             Was an Elder of Kikubaaqudgha.
             Demolished by Donald
             ... wielding a +2 broad axe of venom
              (26 damage)
             ... on level 2 of the Lair of Beasts on Jan 13, 2017.
             The game lasted 01:20:35 (13037 turns).

karate69 the Spear-Bearer (Minotaur Fighter)       Turns: 13037, Time: 01:20:35

Health: -19/112    AC: 10    Str: 25    XL:     12   Next: 50%
Magic:  19/19      EV: 11    Int:  5    God:    Kikubaaqudgha [****..]
Gold:   583        SH:  4    Dex: 11    Spells: 1 memorised, 10 levels left

rFire  + . .     SeeInvis .     M - +6 spear (freeze)
rCold  . . .     Gourm    +     (no armour)
rNeg   . . .     Faith    .     x - +0 buckler
rPois  .         Spirit   .     y - +2 hat
rElec  .         Reflect  .     I - +0 cloak
rCorr  .         Harm     .     e - +0 pair of gloves
MR     .....                    q - +0 pair of boots
Stlth  ++........               A - amulet of the gourmand
                                Y - +4 ring of protection
                                h - ring of stealth

@: no status effects
A: retaliatory headbutt, horns 2, fire resistance 1
a: Receive Corpses, Renounce Religion


You were on level 2 of the Lair of Beasts.
You worshipped Kikubaaqudgha.
Kikubaaqudgha was greatly pleased with you.
You were not hungry.

You visited 3 branches of the dungeon, and saw 15 of its levels.
You also visited: Sewer.

You collected 605 gold pieces.
You spent 22 gold pieces at shops.

Inventory:

Hand Weapons
 M - a +6 spear of freezing (weapon)
 W - a +2 trident of piercing
Missiles
 E - 4 tomahawks (quivered)
Armour
 c - a +0 shield
 e - a +0 pair of gloves (worn)
 q - a +0 pair of boots (worn)
 x - a +0 buckler (worn)
 y - a +2 hat (worn)
 I - a +0 cloak (worn)
 Q - a +1 plate armour
Jewellery
 h - a ring of stealth (left hand)
 l - an uncursed amulet of guardian spirit
 v - an uncursed ring of protection from cold
 A - an amulet of the gourmand (around neck)
 S - an uncursed ring of resist corrosion
 Y - a +4 ring of protection (right hand)
Wands
 a - a wand of iceblast (10/15)
 m - a wand of iceblast (5/15)
 o - a wand of polymorph (20/24)
 P - a wand of polymorph (12/24)
 T - a wand of iceblast (10/15)
 U - a wand of slowing (29/48)
Scrolls
 k - a scroll of amnesia
 p - 6 scrolls of teleportation
 r - 2 scrolls of fear
 D - 2 scrolls of noise
 L - 3 scrolls of remove curse
 N - 2 scrolls of fog
 O - a scroll of magic mapping
 Z - a scroll of enchant weapon
Potions
 b - a potion of haste {unknown}
 n - 8 potions of curing
 s - 2 potions of resistance
 u - 2 potions of magic
 z - 3 potions of heal wounds {unknown}
 B - 3 potions of berserk rage
 F - a potion of cancellation {unknown}
 H - 3 potions of flight
Books
 d - Kikubaaqudgha's Almanac of Evil Rituals
   (Kikubaaqudgha gifted it to you on level 1 of the Lair of Beasts)

   Spells                             Type                      Level
   a - Excruciating Wounds            Charms/Necromancy            5
   b - Bolt of Draining               Conjuration/Necromancy       5
   c - Agony                          Necromancy                   5
   d - Cigotuvi's Embrace             Necromancy                   5
   e - Dispel Undead                  Necromancy                   5
 g - a book of the Sky

   Spells                             Type                      Level
   a - Summon Lightning Spire         Summoning/Air                4
   b - Airstrike                      Air                          4
   c - Silence                        Hexes/Air                    5
   d - Deflect Missiles               Charms/Air                   6
   e - Conjure Ball Lightning         Conjuration/Air              6
   f - Tornado                        Air                          9
 i - Kikubaaqudgha's Almanac of Evil Rites
   (Kikubaaqudgha gifted it to you on level 8 of the Dungeon)

   Spells                             Type                      Level
   a - Pain                           Necromancy                   1
   b - Corpse Rot                     Necromancy                   2
   c - Sublimation of Blood           Necromancy                   2
   d - Regeneration                   Charms/Necromancy            3
   e - Control Undead                 Necromancy                   4
 K - a book of Cantrips

   Spells                             Type                      Level
   a - Confusing Touch                Hexes                        1
   b - Animate Skeleton               Necromancy                   1
   c - Summon Small Mammal            Summoning                    1
   d - Apportation                    Translocation                1
Miscellaneous
 R - a fan of gales
Comestibles
 f - 8 bread rations
 j - 2 fruits
 t - 4 meat rations
 w - a chunk of flesh
 C - 4 beef jerkies
 V - 6 royal jellies
 X - 6 slices of pizza


   Skills:
 - Level 11.9 Fighting
 - Level 12.0 Polearms
 - Level 11.5 Armour
 - Level 4.3 Shields
 + Level 2.8 Necromancy
 + Level 10.9 Evocations


You had 10 spell levels left.
You knew the following spells:

 Your Spells              Type           Power        Failure   Level  Hunger
a - Animate Skeleton      Necr           N/A          21%         1    ##.....


Dungeon Overview and Level Annotations

Branches:
Dungeon (11/15)            Temple (0/1) D:6            Lair (3/6) D:11
  Swamp (0/4) Lair:3        Snake (1/4) Lair:2
    Orc: D:9-12

Altars:
Ashenzari
Cheibriados
Dithmenos
Fedhas
Gozag
Hepliaklqana
Kikubaaqudgha
Makhleb
Nemelex Xobeh
Okawaru
Qazlal
Ru
Uskayaw
Xom
Zin

Shops:
D:5 ?

Annotations:
D:10 exclusion: ice statue
Lair:2 Donald


Innate Abilities, Weirdness & Mutations

You reflexively headbutt those who attack you in melee.
You have a pair of horns on your head.
Your flesh is heat resistant. (rF+)


Message History

Donald blocks Frances's attack.
You hit the mana viper. You freeze the mana viper. You headbutt the mana viper!
You kill the mana viper!
Kikubaaqudgha accepts your kill.
Donald gestures wildly while chanting.
Donald seems to speed up.
Attack whom?
Press: ? - help, Dir - move target cursor, f - Donald
Aim: Donald, wielding a broad axe of venom, wearing a chain mail and wearing a shield (fast, unusually strong)
You reach to attack!
You hit Donald but do no damage.
Attack whom?
Press: ? - help, Dir - move target cursor, f/p - Donald
Aim: Donald, wielding a broad axe of venom, wearing a chain mail and wearing a shield (fast, unusually strong)
You reach to attack!
You hit Donald but do no damage.
Donald hits you with a broad axe of venom!
* * * LOW HITPOINT WARNING * * *
It was a potion of magic.
Magic courses through your body.
Donald hits you with a broad axe of venom!!
You die...
Kikubaaqudgha rasps: "You have failed me!
Welcome... death!"

............#.......##.##.>.#
............#.......#.......#
............................#
................>..........##
...........................#
......<.....#.......####...###
....###..P#.#...Z...#.###....#
............###.@.###..##..###
............P...@.##...'...P#
..................##...#...##
...#...................#...#
..<#...............#'#..#..#
...#.##.##..#.....#..#..#..##
.........................[..#
...........................##
#.#..P.######.###P########.#
######## ### ### ###


You could see Donald and the friendly Frances the human skeleton.

Vanquished Creatures
  Frances (Lair:2)
  A hydra (D:11)
  Nergalle (Lair:1)
  An unseen horror (D:11)
  Pikel (D:6)
  A hill giant (D:9)
  A mana viper (Lair:2)
  An elephant (Lair:2)
  A cyclops (D:11)
  A black mamba (Lair:3)
  3 spiny frogs
  3 komodo dragons (Lair:1)
  A rime drake (Lair:2)
  A queen bee (Lair:2)
  8 hippogriffs
  2 blink frogs (Lair:2)
  A shadow (D:11)
  2 wyverns
  4 basilisks
  3 humans
  10 yaks
  Eustachio (D:5)
  4 hogs (D:10)
  2 hungry ghosts
  4 vampire mosquitoes (Lair:3)
  3 nagas (Lair:2)
  8 water moccasins
  A porcupine (Lair:2)
  An ice beast (D:9)
  3 orc warriors
  Duvessa (D:6)
  A slave (D:6)
  3 sky beasts
  4 wolves (Lair:2)
  An eye of draining (D:9)
  A necrophage (D:6)
  3 ogres
  4 crocodiles
  A centaur (D:7)
  The ghost of fatfloppyjuicyveiny the Conjurer, an amateur OpWz (D:3)
  11 bullfrogs
  3 gnoll sergeants
  4 scorpions
  Dowan (D:6)
  A water moccasin skeleton (D:9)
  24 killer bees (Lair:2)
  3 howler monkeys
  6 crimson imps
  A centaur zombie (D:7)
  3 hounds
  Crazy Yiuf (D:7)
  2 bullfrog zombies
  2 centaur skeletons
  A jelly (D:6)
  4 orc priests
  8 orc wizards
  2 bullfrog skeletons
  Jessica (D:3)
  5 iguanas
  6 worker ants
  A killer bee zombie (D:7)
  A hound skeleton (D:7)
  11 gnolls
  14 adders
  2 river rats (Lair:2)
  3 oozes
  An adder skeleton (D:10)
  2 worms
  A dart slug (D:2)
  7 leopard geckos
  26 orcs
  4 ball pythons (Sewer)
  2 bats (D:2)
  7 giant cockroaches
  4 goblins
  6 hobgoblins
  5 jackals
  A quokka (D:4)
  10 frilled lizards
  2 giant cockroach zombies
  2 jackal skeletons
  A jackal zombie (D:5)
  3 kobolds
  2 quokka skeletons
  A quokka zombie (D:7)
  7 rats
310 creatures vanquished.

Vanquished Creatures (others)
  Sigmund (D:6)
  A fungus (Lair:2)
  A plant (Lair:2)
3 creatures vanquished.

Grand Total: 313 creatures vanquished

Notes
Turn   | Place    | Note
-------+----------+-------------------------------------------
     0 | D:1      | karate69 the Minotaur Fighter began the quest for the Orb.
     0 | D:1      | Reached XP level 1. HP: 19/19 MP: 0/0
    58 | D:1      | Found a shattered altar of Ashenzari.
   247 | D:1      | Reached skill level 3 in Polearms
   249 | D:1      | Reached XP level 2. HP: 25/27 MP: 1/1
  1138 | D:2      | Reached XP level 3. HP: 31/33 MP: 2/2
  1230 | D:2      | Found a burning altar of Makhleb.
  1552 | D:2      | Found a faded altar of an unknown god.
  1552 | D:2      | Found a faded altar of an unknown god.
  1561 | D:2      | Found a faded altar of an unknown god.
  1563 | D:2      | Found a faded altar of an unknown god.
  1564 | D:2      | Found a glowing silver altar of Zin.
  1591 | D:2      | Reached skill level 4 in Polearms
  1645 | D:3      | Noticed fatfloppyjuicyveiny's ghost (amateur OpWz)
  1768 | D:3      | Reached XP level 4. HP: 41/41 MP: 3/3
  2238 | D:3      | Noticed Jessica
  2253 | D:3      | Killed Jessica
  2281 | D:3      | Found a glowing drain.
  2286 | Sewer    | Entered a sewer
  2315 | Sewer    | Reached skill level 5 in Polearms
  2315 | Sewer    | Reached XP level 5. HP: 43/47 MP: 4/4
  2742 | D:3      | Killed fatfloppyjuicyveiny's ghost
  2742 | D:3      | Reached skill level 5 in Armour
  3034 | D:4      | Found a shadowy altar of Dithmenos.
  3096 | D:4      | Reached skill level 5 in Fighting
  3096 | D:4      | Reached XP level 6. HP: 41/56 MP: 3/5
  3116 | D:4      | Found a shattered altar of Ashenzari.
  3128 | D:4      | Reached skill level 6 in Polearms
  3739 | D:5      | Entered Level 5 of the Dungeon
  3925 | D:5      | Reached XP level 7. HP: 15/61 MP: 1/6
  4224 | D:5      | Found a hide-covered altar of Uskayaw.
  4225 | D:5      | Noticed a hand axe
  4226 | D:5      | Noticed a dagger
  4414 | D:5      | Noticed Eustachio
  4438 | D:5      | Killed Eustachio
  4438 | D:5      | Reached skill level 7 in Polearms
  4723 | D:5      | Found a hazy altar of Hepliaklqana.
  4724 | D:5      | Found a shimmering altar of Xom.
  4724 | D:5      | Noticed a yak
  4725 | D:5      | Noticed a yak
  4725 | D:5      | Noticed a spectral ugly thing
  4788 | D:5      | Found a sacrificial altar of Ru.
  4973 | D:5      | Found Jisenon's Magic Scroll Shoppe.
  4984 | D:5      | Bought a scroll of identify for 22 gold pieces
  5090 | D:6      | Noticed Pikel
  5100 | D:6      | Noticed Sigmund
  5135 | D:6      | Killed Pikel
  5135 | D:6      | Reached skill level 8 in Polearms
  5135 | D:6      | Reached XP level 8. HP: 58/71 MP: 7/7
  5144 | D:6      | Killed Sigmund
  5145 | D:6      | Found a staircase to the Ecumenical Temple.
  5177 | D:6      | Found a sparkling altar of Nemelex Xobeh.
  5338 | D:6      | Reached skill level 9 in Polearms
  5477 | D:6      | Noticed Dowan
  5480 | D:6      | Noticed Duvessa
  5494 | D:6      | Killed Dowan
  5501 | D:6      | Killed Duvessa
  5545 | D:6      | Found a blossoming altar of Fedhas.
  5546 | D:6      | Found an ancient bone altar of Kikubaaqudgha.
  5558 | D:6      | Became a worshipper of Kikubaaqudgha
  5859 | D:6      | Reached skill level 10 in Polearms
  5956 | D:6      | Gained mutation: Your flesh is heat resistant. (rF+) [potion of beneficial mutation]
  6001 | D:7      | Reached skill level 1 in Evocations
  6218 | D:7      | Reached XP level 9. HP: 76/78 MP: 7/9
  6418 | D:7      | Found a runed door.
  6473 | D:7      | Noticed Crazy Yiuf
  6476 | D:7      | Killed Crazy Yiuf
  6769 | D:8      | Reached * piety under Kikubaaqudgha
  6769 | D:8      | Identified Kikubaaqudgha's Almanac of Evil Rites (Kikubaaqudgha gifted it to you on level 8 of the Dungeon)
  6769 | D:8      | Received a gift from Kikubaaqudgha
  6794 | D:8      | Reached skill level 11 in Polearms
  7069 | D:8      | Found an iron altar of Okawaru.
  7221 | D:8      | Reached skill level 12 in Polearms
  7301 | D:8      | Found an opulent altar of Gozag.
  7757 | D:9      | Noticed a hill giant
  7777 | D:9      | Killed a hill giant
  7777 | D:9      | Reached skill level 5 in Evocations
  7777 | D:9      | Reached XP level 10. HP: 62/85 MP: 3/13
  8154 | D:9      | Found a snail-covered altar of Cheibriados.
  8320 | D:9      | Found a stormy altar of Qazlal.
  8632 | D:9      | Reached ** piety under Kikubaaqudgha
  8832 | D:10     | Entered Level 10 of the Dungeon
  8918 | D:10     | Noticed an ice statue
  9622 | D:11     | Noticed a six-headed hydra
  9741 | D:11     | Killed an unseen horror
  9741 | D:11     | Reached skill level 10 in Armour
  9791 | D:11     | Noticed a cyclops
  9804 | D:11     | Killed a cyclops
 10035 | D:11     | Killed a six-headed hydra
 10035 | D:11     | Reached XP level 11. HP: 81/94 MP: 14/16
 10086 | D:11     | Found a staircase to the Lair.
 10216 | Lair:1   | Entered Level 1 of the Lair of Beasts
 10221 | Lair:1   | Noticed Nergalle
 10266 | Lair:1   | Killed Nergalle
 10381 | Lair:1   | Reached *** piety under Kikubaaqudgha
 10381 | Lair:1   | Identified Kikubaaqudgha's Almanac of Evil Rituals (Kikubaaqudgha gifted it to you on level 1 of the Lair of Beasts)
 10381 | Lair:1   | Received a gift from Kikubaaqudgha
 10418 | Lair:1   | Reached skill level 10 in Fighting
 11310 | D:11     | Learned a level 1 spell: Animate Skeleton
 11603 | Lair:2   | Reached **** piety under Kikubaaqudgha
 11828 | Lair:2   | Found a staircase to the Snake Pit.
 11981 | Lair:2   | Reached XP level 12. HP: 99/110 MP: 15/18
 12239 | Lair:2   | Reached skill level 10 in Evocations
 12908 | Lair:3   | Found a staircase to the Swamp.
 12928 | Lair:3   | Reached skill level 1 in Necromancy
 12978 | Snake:1  | Entered Level 1 of the Snake Pit
 12978 | Snake:1  | Noticed Frances
 12978 | Snake:1  | Noticed a naga warrior
 13002 | Lair:2   | Killed Frances
 13023 | Snake:1  | Noticed Donald
 13037 | Lair:2   | Demolished by Donald

Skill      XL: |  1  2  3  4  5  6  7  8  9 10 11 12 |
---------------+-------------------------------------+-----
Polearms       | 3 4 5 6 8 10 12 | 12.0
Armour         | 4 5 7 10 11 | 11.5
Fighting       | 4 5 6 7 8 11 | 11.9
Shields        | 4 |  4.3
Evocations     | 1 5 8 9 10 | 10.9
Necromancy     | 2 |  2.8

Action                   |  1- 3 |  4- 6 |  7- 9 | 10-12 || total
-------------------------+-------+-------+-------+-------++-------
Melee: Spear             |   108 |   175 |   433 |   745 ||  1461
       Headbutt          |    15 |    25 |    87 |   156 ||   283
Throw: Tomahawk          |       |       |     4 |    16 ||    20
 Cast: Animate Skeleton  |       |       |       |     1 ||     1
Invok: Receive Corpses   |       |       |       |     3 ||     3
  Use: Scroll            |     1 |     8 |     8 |     7 ||    24
       Potion            |       |     2 |     1 |     3 ||     6
 Stab: Sleeping          |       |       |       |     2 ||     2
  Eat: Chunk             |     3 |     7 |     8 |    16 ||    34
       Bread ration      |       |       |     2 |     1 ||     3
       Pizza             |       |       |       |     1 ||     1
Armor: Scale mail        |    42 |    63 |    30 |       ||   135
       Chain mail        |       |       |    85 |       ||    85
       Plate armour      |       |       |    13 |   369 ||   382
       Skin              |       |       |       |     6 ||     6
Dodge: Dodged            |    19 |    32 |    98 |   154 ||   303
Block: Shield            |    35 |    78 |       |       ||   113
       Buckler           |       |       |    50 |   104 ||   154
